 Dungeon Crawl Stone Soup version 0.30.1 (webtiles) character file.

Game seed: 10889392155028573851

112 AIAndy the Martial Artist (level 4, -4/32 HPs)
             Began as a Gnoll Wanderer on July 4, 2023.
             Killed by nerve-wracking pain
             ... invoked by Grinder
              (6 damage)
             ... while paralysed by Grinder
             ... on level 3 of the Dungeon.
             The game lasted 00:05:37 (1299 turns).

AIAndy the Martial Artist (Gnoll Wanderer)          Turns: 1299, Time: 00:05:37

Health: -4/32      AC:  4    Str: 13    XL:     4   Next: 95%
Magic:  6/6        EV:  2    Int: 13    God:
Gold:   106        SH:  0    Dex: 13    Spells: 5/5 levels left

rFire   . . .        k - +11 hammer of Demonic Innocence {freeze, Int+3}
rCold   . . .        (no shield)
rNeg    . . .        e - +0 leather armour
rPois   .            (no helmet)
rElec   .            m - +0 cloak
rCorr   .            (no gloves)
SInv    .            (no boots)
Will    .....        (no amulet)
Stlth   +            (no ring)
HPRegen 0.25/turn    (no ring)
MPRegen 0.10/turn

%: no passive effects
@: paralysed
A: fangs 1, strong nose, distributed training
a: no special abilities


You were on level 3 of the Dungeon.
You visited 1 branch of the dungeon, and saw 3 of its levels.

You collected 106 gold pieces.

Inventory:

Hand Weapons
 k - the +11 hammer of Demonic Innocence (weapon) {freeze, Int+3}
   (You found it on level 2 of the Dungeon)

   Int:       It affects your intelligence (+3).
 n - the +9 hammer "Kedessui" {drain, Will+}
   (You found it on level 2 of the Dungeon)

   Will:      It increases your willpower.
Armour
 e - a +0 leather armour (worn)
 m - a +0 cloak (worn)
Wands
 c - a wand of flame (4) (quivered)
 h - a wand of mindburst (11)
Scrolls
 b - 2 scrolls of fear
 i - a scroll of enchant weapon {unknown}
 j - a scroll of butterflies {unknown}
Potions
 f - a potion of haste {unknown}
 g - 3 potions of curing {unknown}


   Skills:
 + Level 1.3 Fighting
 + Level 1.3 Short Blades
 + Level 1.3 Long Blades
 + Level 2.9 Axes
 + Level 1.3 Maces & Flails
 + Level 1.3 Polearms
 + Level 1.3 Staves
 + Level 1.3 Ranged Weapons
 + Level 1.3 Throwing
 + Level 4.7 Armour
 + Level 1.3 Dodging
 + Level 1.3 Stealth
 + Level 1.3 Shields
 + Level 8.6 Unarmed Combat
 + Level 1.3 Spellcasting
 + Level 1.1 Conjurations
 + Level 1.1 Hexes
 + Level 1.1 Summonings
 + Level 1.1 Necromancy
 + Level 1.1 Translocations
 + Level 1.1 Transmutations
 + Level 1.1 Fire Magic
 + Level 1.1 Ice Magic
 + Level 1.1 Air Magic
 + Level 1.1 Earth Magic
 + Level 1.1 Poison Magic
 + Level 3.0 Invocations
 + Level 4.7 Evocations


You had 5 spell levels left.
You didn't know any spells.
Your spell library contained the following spells:

 Spells                   Type           Power      Damage    Failure   Level
 Sublimation of Blood     Necr           3%         N/A       32%         2
 Petrify                  Tmut/Erth      3%         N/A       91%         4
 Irradiate                Conj/Tmut      1%         3d12      99%         5


Dungeon Overview and Level Annotations

Branches:
Dungeon (3/15)

Altars:

Annotations:
D:3 Grinder


Innate Abilities, Weirdness & Mutations

You have very sharp teeth.
Your uncanny sense of smell can sniff out nearby items.
Your experience applies equally to all skills.


Message History

You climb downwards.
Found 10 gold pieces.
There is a stone staircase leading up here.
The ball python hisses angrily.
The ball python bites you. The ball python barely misses you.
The ball python misses you. The ball python closely misses you.
You thump the ball python! You freeze the ball python.
You kill the ball python!
No target in view!
HP restored.
You see here a ball python corpse.
You now have 106 gold pieces (gained 10).
Grinder comes into view.
She is carrying a wand of roots (5).
An endoplasm comes into view.
Grinder shouts!
Grinder says, "FISH!"
Grinder zaps a wand.
The roots erupt in riotous growth!
The grasping roots grab you! The grasping roots constrict you.
A goblin comes into view. It is wielding a +0 club.
The endoplasm quivers.
The goblin shouts!
The roots grasp on you weakens, but your attempt to escape fails.
The grasping roots constrict you.
You thump the endoplasm! You freeze the endoplasm.
You kill the endoplasm!
Grinder gestures at you. Pain shoots through your body!
The grasping roots constrict you.
* * * LOW HITPOINT WARNING * * *
You feel much better. The grasping roots constrict you!
The grasping roots release their grip on you.
Grinder gestures at you.
You suddenly lose the ability to move!
Grinder hits you!
* * * LOW HITPOINT WARNING * * *
You writhe in agony.
* * * LOW HITPOINT WARNING * * *
Grinder gestures at you. Pain shoots through your body!
You die...

#.#. #..<...†. . ###..
#........ #. ...#
##........ ###.
##.###......... ....
#..............
#..####..####........
#....#..## #........
####.##...######........
......5@g......#########
......##.....#... ###.#
.#....# # ...#..#..#
.... ##...#∆ #...# ...#
...# ...# ##.# ..


You could see Grinder and a goblin.

Vanquished Creatures
  Crazy Yiuf (D:2)
  Jessica (D:2)
  3 adders (D:2)
  A worm (D:2)
  4 ball pythons
  A bat (D:2)
  An endoplasm (D:3)
  A giant cockroach (D:2)
  A goblin (D:2)
  6 hobgoblins
  4 kobolds
  2 frilled lizards
  2 rats (D:1)
28 creatures vanquished.

Notes
Turn   | Place    | Note
-------+----------+-------------------------------------------
     0 | D:1      | AIAndy the Gnoll Wanderer began the quest for the Orb.
     0 | D:1      | AIAndy set off with the following items: a +0 hand axe, 2
                  | scrolls of fear, a wand of flame (4), a potion of heal
                  | wounds, a +0 leather armour.
     0 | D:1      | Reached XP level 1. HP: 13/13 MP: 2/2
   237 | D:1      | Reached XP level 2. HP: 14/19 MP: 3/3
   647 | D:2      | Identified the +11 hammer of Demonic Innocence {freeze,
                  | Int+3}
   650 | D:2      | Found a runed translucent door.
   652 | D:2      | Noticed Crazy Yiuf
   659 | D:2      | Killed Crazy Yiuf
   660 | D:2      | Reached XP level 3. HP: 9/25 MP: 3/5
   669 | D:2      | Identified the +9 hammer "Kedessui" {drain, Will+}
   802 | D:2      | Reached skill level 1 in Fighting
   802 | D:2      | Reached skill level 1 in Short Blades
   802 | D:2      | Reached skill level 1 in Long Blades
   802 | D:2      | Reached skill level 1 in Maces & Flails
   802 | D:2      | Reached skill level 1 in Polearms
   802 | D:2      | Reached skill level 1 in Staves
   802 | D:2      | Reached skill level 1 in Ranged Weapons
   802 | D:2      | Reached skill level 1 in Throwing
   802 | D:2      | Reached skill level 1 in Dodging
   802 | D:2      | Reached skill level 1 in Stealth
   802 | D:2      | Reached skill level 1 in Shields
   802 | D:2      | Reached skill level 1 in Spellcasting
   869 | D:2      | Reached XP level 4. HP: 27/32 MP: 6/6
   965 | D:2      | Reached skill level 1 in Conjurations
   965 | D:2      | Reached skill level 1 in Hexes
   965 | D:2      | Reached skill level 1 in Summonings
   965 | D:2      | Reached skill level 1 in Necromancy
   965 | D:2      | Reached skill level 1 in Translocations
   965 | D:2      | Reached skill level 1 in Transmutations
   965 | D:2      | Reached skill level 1 in Fire Magic
   965 | D:2      | Reached skill level 1 in Ice Magic
   965 | D:2      | Reached skill level 1 in Air Magic
   965 | D:2      | Reached skill level 1 in Earth Magic
   965 | D:2      | Reached skill level 1 in Poison Magic
  1188 | D:2      | Noticed Jessica
  1190 | D:2      | Killed Jessica
  1291 | D:3      | Noticed Grinder
  1297 | D:3      | Paralysed by Grinder for 3 turns
  1299 | D:3      | Killed from afar by Grinder

Illustrated notes

Levels and vault maps discovered:
D:1:      minmay_arrival_open_corners, layout_rooms
D:2:      layout_basic, uniq_crazy_yiuf_cottage, uniq_jessica
D:3:      layout_rooms, lemuel_crystal_altar,
          shapermc_ecumenical_altar_mp_urbaneastern, minmay_misc_feat_chi,
          uniq_sigmund, uniq_grinder

Skill      XL: |  1  2  3  4 |
---------------+-------------+-----
Fighting       | 1 |  1.3
Short Blades   | 1 |  1.3
Long Blades    | 1 |  1.3
Maces & Flails | 1 |  1.3
Polearms       | 1 |  1.3
Staves         | 1 |  1.3
Ranged Weapons | 1 |  1.3
Throwing       | 1 |  1.3
Dodging        | 1 |  1.3
Stealth        | 1 |  1.3
Shields        | 1 |  1.3
Spellcasting   | 1 |  1.3
Conjurations   | 1 |  1.1
Hexes          | 1 |  1.1
Summonings     | 1 |  1.1
Necromancy     | 1 |  1.1
Translocations | 1 |  1.1
Transmutations | 1 |  1.1
Fire Magic     | 1 |  1.1
Ice Magic      | 1 |  1.1
Air Magic      | 1 |  1.1
Earth Magic    | 1 |  1.1
Poison Magic   | 1 |  1.1
Invocations    | 3 |  3.0
Axes           | |  2.9
Armour         | |  4.7
Unarmed Combat | |  8.6
Evocations     | |  4.7

Action                     |  1- 3 |  4- 6 || total
---------------------------+-------+-------++-------
  Melee: Unarmed           |   114 |       ||   114
         Bite              |    16 |       ||    16
         Punch             |     5 |       ||     5
         Mace              |    13 |    12 ||    25
    Use: Potion            |       |     1 ||     1
   Stab: Sleeping          |       |     3 ||     3
 Armour: Leather armour    |     6 |     4 ||    10
  Dodge: Dodged            |    27 |     4 ||    31
